[Event "EYCC Girls-U12 2019"]
[Site "Bratislava"]
[Date "2019.08.02"]
[Round "1.21"]
[White "Muradyan, Anahit"]
[Black "Fileru, Maria"]
[Result "1-0"]
[ECO "E06"]
[WhiteElo "1353"]
[BlackElo "1602"]
[Annotator "NA"]
[PlyCount "85"]
[EventDate "2019.08.02"]
[EventType "swiss"]
[EventCountry "SVK"]
[SourceTitle "playchess.com"]
[Source "ChessBase"]
[SourceQuality "1"]
[TimeControl "40/5400+30:1800+30"]

1. d4 d5 2. c4 e6 3. Nf3 Nf6 4. g3 Be7 5. Bg2 O-O 6. O-O b6 7. Qc2 Bb7 8. Nbd2 c5 9. dxc5 bxc5 10. cxd5 exd5 11. Nb3 Qb6 12. Bg5 Nbd7 13. Rac1 Rac8 14. Rfd1 h6 15. Bd2 Ne4 16. Be1 Rfd8 17. Ba5 Qe6 18. Bxd8 Rxd8 19. Nbd2 Nef6 20. Nf1 d4 21. Nxd4 Qb6 22. Bxb7 Qxb7 23. Nf5 Bf8 24. Nd6 Qc6 25. Nc4 Nd5 26. a3 Re8 27. Nfe3 N7f6 28. Nxd5 Nxd5 29. Qf5 Nf6 30. Qf3 Qa4 31. Ne3 Qb5 32. Rc2 Ne4 33. Nd5 Qa4 34. Qd3 Ng5 35. Rc4 Qb5 36. Nf4 Qxb2 37. h4 Nh7 38. Qc3 Qb7 39. Qd3 Nf6 40. Nd5 Nd7 41. Re4 Rb8 42. Ne7+ Bxe7 43. Rxe7 1-0

[Event "EYCC Girls-U12 2019"]
[Site "Bratislava"]
[Date "2019.08.02"]
[Round "1.22"]
[White "Komissarova, Soigina"]
[Black "Novikova, Daria"]
[Result "1/2-1/2"]
[ECO "D10"]
[WhiteElo "1663"]
[BlackElo "1428"]
[Annotator "NA"]
[PlyCount "111"]
[EventDate "2019.08.02"]
[EventType "swiss"]
[EventCountry "SVK"]
[SourceTitle "playchess.com"]
[Source "ChessBase"]
[SourceQuality "1"]
[TimeControl "40/5400+30:1800+30"]

1. d4 d5 2. c4 c6 3. cxd5 cxd5 4. Nc3 Nf6 5. Bf4 a6 6. e3 Nc6 7. Bd3 e6 8. Nge2 Bd6 9. Rc1 O-O 10. O-O Bxf4 11. Nxf4 Qd6 12. Bb1 Nxd4 13. Qxd4 e5 14. Qd3 exf4 15. exf4 g6 16. Qd4 b5 17. Rfd1 Rd8 18. Ne4 Nxe4 19. Bxe4 Qxf4 20. g3 Qd6 21. Bxd5 Be6 22. Bxa8 Qxd4 23. Rxd4 Rxd4 24. Bb7 a5 25. b3 Rd2 26. a4 b4 27. Rc5 Bh3 28. f4 Rd1+ 29. Kf2 Rd2+ 30. Ke3 Rb2 31. Bd5 Be6 32. Bxe6 fxe6 33. Rxa5 Rxb3+ 34. Kd4 Rb1 35. Rb5 Rb2 36. Kc4 Rxh2 37. Rxb4 Ra2 38. Kb5 Ra3 39. g4 h6 40. a5 h5 41. gxh5 gxh5 42. Kb6 h4 43. a6 h3 44. Rb2 Kf7 45. a7 Kf6 46. Kb7 Kf5 47. a8=Q Rxa8 48. Kxa8 Kxf4 49. Rb3 Kg4 50. Kb7 h2 51. Rb1 e5 52. Kc6 e4 53. Kd5 Kf3 54. Rh1 Kg2 55. Rxh2+ Kxh2 56. Kxe4 1/2-1/2

[Event "EYCC Girls-U12 2019"]
[Site "Bratislava"]
[Date "2019.08.02"]
[Round "1.23"]
[White "Misiuk, Monika"]
[Black "Nordquelle, Amelia"]
[Result "1-0"]
[ECO "D46"]
[WhiteElo "1419"]
[BlackElo "1648"]
[Annotator "NA"]
[PlyCount "83"]
[EventDate "2019.08.02"]
[EventType "swiss"]
[EventCountry "SVK"]
[SourceTitle "playchess.com"]
[Source "ChessBase"]
[SourceQuality "1"]
[TimeControl "40/5400+30:1800+30"]

1. d4 d5 2. c4 c6 3. Nc3 Nf6 4. e3 e6 5. Nf3 Be7 6. Bd3 Nbd7 7. O-O O-O 8. e4 dxe4 9. Nxe4 b6 10. Bg5 Bb7 11. Qc2 h6 12. Bf4 c5 13. dxc5 Nxc5 14. Nxc5 Bxc5 15. Rfd1 Qe7 16. Ne5 Rac8 17. Rac1 Rfd8 18. Qe2 Nd7 19. Nf3 e5 20. Nxe5 Re8 21. Bh7+ Kxh7 22. Qd3+ Kg8 23. Qxd7 Qf6 24. Qxb7 Qxf4 25. Nd3 Rc7 26. Qd5 Qf6 27. Nxc5 Rxc5 28. Qd2 Re4 29. b3 Rc8 30. f3 Re5 31. Re1 Rg5 32. f4 Rg6 33. Qd7 Rc5 34. Re8+ Kh7 35. Rf1 Qb2 36. g3 Rh5 37. Rf2 Qc1+ 38. Kg2 Rxg3+ 39. Kxg3 Qc3+ 40. Rf3 Qc2 41. h3 Qb1 42. Qd3+ 1-0

[Event "EYCC Girls-U12 2019"]
[Site "Bratislava"]
[Date "2019.08.02"]
[Round "1.24"]
[White "Kapicakova, Lucia"]
[Black "Sargsyan, Lilit G."]
[Result "0-1"]
[ECO "A05"]
[WhiteElo "1671"]
[BlackElo "1415"]
[Annotator "NA"]
[PlyCount "138"]
[EventDate "2019.08.02"]
[EventType "swiss"]
[EventCountry "SVK"]
[SourceTitle "playchess.com"]
[Source "ChessBase"]
[SourceQuality "1"]
[TimeControl "40/5400+30:1800+30"]

1. Nf3 Nf6 2. g3 g6 3. b3 Bg7 4. Bb2 d6 5. d4 O-O 6. Bg2 c5 7. c4 Nbd7 8. O-O a6 9. Qc2 Rb8 10. Nbd2 b5 11. Rad1 Qa5 12. Bc3 Qb6 13. d5 a5 14. e4 Ba6 15. h3 a4 16. Nh2 axb3 17. axb3 bxc4 18. bxc4 Ne5 19. Rb1 Qc7 20. Bxe5 dxe5 21. Qc3 Nd7 22. Ra1 Qd6 23. Ra5 Rb4 24. Rfa1 Bb7 25. Rb1 Nb6 26. Rxb4 cxb4 27. Qb3 Rc8 28. Rb5 Ba6 29. Rxb4 Nd7 30. Bf1 Nc5 31. Qb1 Bh6 32. Nb3 Nxe4 33. c5 Nxc5 34. Nxc5 Bxf1 35. Nb7 Qa6 36. Rb6 Qe2 37. Nxf1 Rc1 38. Qxc1 Bxc1 39. Rc6 Ba3 40. Rc8+ Kg7 41. Ne3 Qb5 42. Nd8 Qd7 43. Rb8 Bc5 44. Nc6 Bxe3 45. fxe3 Qxh3 46. Kf2 e4 47. Nxe7 Qd7 48. Nc6 Qxd5 49. Nd4 Qa2+ 50. Ne2 Qe6 51. Nf4 Qf5 52. Kg2 g5 53. Nh3 Qf3+ 54. Kh2 Qxe3 55. Rb2 h6 56. Ng1 Kg6 57. Kg2 Kh5 58. Rb5 Kg4 59. Rb2 Qxg3+ 60. Kf1 Qd3+ 61. Re2 f5 62. Ke1 f4 63. Rg2+ Kf5 64. Rd2 Qe3+ 65. Ne2 f3 66. Rd5+ Kg4 67. Rd2 fxe2 68. Rxe2 Qxe2+ 69. Kxe2 Kf4 0-1

[Event "EYCC Girls-U12 2019"]
[Site "Bratislava"]
[Date "2019.08.03"]
[Round "2.1"]
[White "Tsirekidze, Barbare"]
[Black "Mikheeva, Galina"]
[Result "1/2-1/2"]
[ECO "E04"]
[WhiteElo "1527"]
[BlackElo "1792"]
[Annotator "NA"]
[PlyCount "82"]
[EventDate "2019.08.02"]
[EventType "swiss"]
[EventCountry "SVK"]
[SourceTitle "playchess.com"]
[Source "ChessBase"]
[SourceQuality "1"]
[TimeControl "40/5400+30:1800+30"]

1. d4 Nf6 2. c4 e6 3. Nf3 d5 4. g3 dxc4 5. Bg2 Nc6 6. O-O Be7 7. e3 O-O 8. Nfd2 Na5 9. Qc2 c5 10. dxc5 Bxc5 11. Nxc4 Nxc4 12. Qxc4 Qe7 13. Nc3 e5 14. Nd5 Nxd5 15. Bxd5 Bh3 16. Bg2 Bxg2 17. Kxg2 Rac8 18. Qe2 Rfd8 19. Bd2 g6 20. Bc3 Bb4 21. Bxb4 Qxb4 22. Rfd1 Kg7 23. b3 a6 24. Rxd8 Rxd8 25. Rd1 Rxd1 26. Qxd1 Qe4+ 27. Qf3 Qxf3+ 28. Kxf3 Kf6 29. Ke4 Ke6 30. Kd3 Kd5 31. f4 exf4 32. exf4 f5 33. b4 b6 34. a4 a5 35. b5 Kc5 36. Kc3 h6 37. h3 Kd5 38. Kd3 Kc5 39. Kc3 Kd5 40. Kd3 Kc5 41. Kc3 Kd5 1/2-1/2

[Event "EYCC Girls-U12 2019"]
[Site "Bratislava"]
[Date "2019.08.03"]
[Round "2.2"]
[White "Shvedova, Alexandra"]
[Black "Helliesen, Lykke-Merlot"]
[Result "1-0"]
[ECO "C64"]
[WhiteElo "1932"]
[BlackElo "1505"]
[Annotator "NA"]
[PlyCount "51"]
[EventDate "2019.08.02"]
[EventType "swiss"]
[EventCountry "SVK"]
[SourceTitle "playchess.com"]
[Source "ChessBase"]
[SourceQuality "1"]
[TimeControl "40/5400+30:1800+30"]

1. e4 e5 2. Nf3 Nc6 3. Bb5 Bc5 4. c3 Nf6 5. d4 exd4 6. e5 Nd5 7. O-O O-O 8. cxd4 Bb6 9. Bc4 Nce7 10. Bg5 c6 11. Bxd5 cxd5 12. Nc3 f6 13. exf6 gxf6 14. Bh6 Rf7 15. Qb3 d6 16. Nxd5 Be6 17. Nxe7+ Rxe7 18. d5 Bf7 19. Nh4 Kh8 20. Qg3 Bg6 21. Nxg6+ hxg6 22. Qxg6 Bd4 23. Rad1 Bxb2 24. Rd2 Bc3 25. Rd3 Bb2 26. Rh3 1-0

[Event "EYCC Girls-U12 2019"]
[Site "Bratislava"]
[Date "2019.08.03"]
[Round "2.3"]
[White "Chicarosie, Ioana-Bianca"]
[Black "Manko, Mariya"]
[Result "1/2-1/2"]
[ECO "A45"]
[WhiteElo "1580"]
[BlackElo "1807"]
[Annotator "NA"]
[PlyCount "78"]
[EventDate "2019.08.02"]
[EventType "swiss"]
[EventCountry "SVK"]
[SourceTitle "playchess.com"]
[Source "ChessBase"]
[SourceQuality "1"]
[TimeControl "40/5400+30:1800+30"]

1. d4 Nf6 2. Nd2 c5 3. c3 cxd4 4. cxd4 d5 5. Ngf3 g6 6. e3 Bg7 7. Bd3 O-O 8. O-O Nc6 9. a3 a5 10. b3 b6 11. Bb2 Ba6 12. Bxa6 Rxa6 13. Rc1 b5 14. Qe2 Qb6 15. Rc5 Rb8 16. Rfc1 Qb7 17. Ne5 Nxe5 18. dxe5 Ne8 19. Qd3 e6 20. Qc2 Bf8 21. Rc8 Raa8 22. Rc6 Ra6 23. Nf3 Bg7 24. Bd4 Bf8 25. Bb2 Bg7 26. Ne1 a4 27. b4 Rxc6 28. Qxc6 Qxc6 29. Rxc6 Kf8 30. Nd3 Ke7 31. Nc5 Kd8 32. f4 Bf8 33. Bd4 h5 34. Na6 Rb7 35. Nc5 Rb8 36. Na6 Rb7 37. Nc5 Rb8 38. Na6 Rb7 39. Nc5 Rb8 1/2-1/2

[Event "EYCC Girls-U12 2019"]
[Site "Bratislava"]
[Date "2019.08.03"]
[Round "2.4"]
[White "Karmanova, Olga Dm."]
[Black "Suarez Gomez, Paula"]
[Result "1-0"]
[ECO "E06"]
[WhiteElo "1838"]
[BlackElo "1438"]
[Annotator "NA"]
[PlyCount "119"]
[EventDate "2019.08.02"]
[EventType "swiss"]
[EventCountry "SVK"]
[SourceTitle "playchess.com"]
[Source "ChessBase"]
[SourceQuality "1"]
[TimeControl "40/5400+30:1800+30"]

1. c4 Nf6 2. d4 e6 3. Nf3 d5 4. g3 Be7 5. Bg2 c6 6. O-O O-O 7. Nc3 Nbd7 8. b3 b6 9. Bb2 a5 10. Rc1 Ba6 11. Ne5 Nxe5 12. dxe5 Nd7 13. Nb1 Rc8 14. Nd2 Nc5 15. Qc2 Qc7 16. Rfd1 Rfd8 17. cxd5 cxd5 18. Bf1 Qb7 19. Qb1 Rd7 20. a3 Rdc7 21. b4 axb4 22. axb4 Nd7 23. Ba3 Rxc1 24. Bxc1 Qc7 25. Nf3 Qc2 26. Bd2 Qxb1 27. Rxb1 Ra8 28. Ra1 Bb7 29. Rc1 Rc8 30. Rxc8+ Bxc8 31. b5 Bc5 32. e3 Bb7 33. Bc3 d4 34. Nxd4 Nxe5 35. Be2 Bxd4 36. Bxd4 Nd7 37. f4 f6 38. Bc4 Kf7 39. f5 Bd5 40. Bxd5 exd5 41. g4 g5 42. fxg6+ Kxg6 43. Kg2 f5 44. Kg3 fxg4 45. Kxg4 Nf6+ 46. Kf4 Kf7 47. Bxb6 Ke6 48. Bd4 Ne4 49. b6 Nd6 50. Kg5 Kd7 51. Kh6 Nf5+ 52. Kxh7 Nxd4 53. exd4 Kc6 54. b7 Kxb7 55. Kg6 Kc6 56. Kf6 Kb5 57. h4 Kc4 58. Ke5 Kd3 59. h5 Ke3 60. h6 {[%emt 0:00:05] Ke4+} 1-0

[Event "EYCC Girls-U12 2019"]
[Site "Bratislava"]
[Date "2019.08.03"]
[Round "2.5"]
[White "Maria, Lia-Alexandra"]
[Black "Zhapova, Yana"]
[Result "0-1"]
[ECO "D25"]
[WhiteElo "1572"]
[BlackElo "1809"]
[Annotator "NA"]
[PlyCount "90"]
[EventDate "2019.08.02"]
[EventType "swiss"]
[EventCountry "SVK"]
[SourceTitle "playchess.com"]
[Source "ChessBase"]
[SourceQuality "1"]
[TimeControl "40/5400+30:1800+30"]

1. d4 d5 2. c4 dxc4 3. Nf3 Nf6 4. e3 Bg4 5. Bxc4 e6 6. O-O a6 7. a4 Nc6 8. Nc3 Bd6 9. h3 Bh5 10. Be2 O-O 11. Re1 Qe7 12. e4 Bxf3 13. Bxf3 Rad8 14. Bg5 Be5 15. Nd5 exd5 16. exd5 Nxd4 17. Qxd4 Bxd4 18. Rxe7 Nxd5 19. Rd1 f6 20. Bxd5+ Rxd5 21. Be3 Rfd8 22. Rxd4 Rxd4 23. Bxd4 Rxd4 24. Rxc7 Rb4 25. Rc8+ Kf7 26. h4 Rxb2 27. h5 Rb1+ 28. Kh2 Re1 29. Rc5 g6 30. g4 Re7 31. Rc3 Ke6 32. Re3+ Kd6 33. Rxe7 Kxe7 34. Kg3 gxh5 35. gxh5 b5 36. axb5 axb5 37. Kf4 Ke6 38. Ke4 b4 39. Kd4 Kf5 40. Kc4 Kg5 41. h6 Kxh6 42. Kxb4 Kg5 43. Kc3 Kf4 44. Kd2 Kf3 45. Ke1 Kg2 0-1

[Event "EYCC Girls-U12 2019"]
[Site "Bratislava"]
[Date "2019.08.03"]
[Round "2.6"]
[White "Vlasova, Olesia"]
[Black "Micheli, Elora"]
[Result "1-0"]
[ECO "A04"]
[WhiteElo "1799"]
[BlackElo "1528"]
[Annotator "NA"]
[PlyCount "73"]
[EventDate "2019.08.02"]
[EventType "swiss"]
[EventCountry "SVK"]
[SourceTitle "playchess.com"]
[Source "ChessBase"]
[SourceQuality "1"]
[TimeControl "40/5400+30:1800+30"]

1. Nf3 c5 2. c4 Nc6 3. Nc3 g6 4. e3 Nf6 5. d4 cxd4 6. exd4 d5 7. h3 Bg7 8. Bg5 Ne4 9. cxd5 Nxc3 10. bxc3 Qxd5 11. Be2 b5 12. O-O O-O 13. a4 Ba6 14. Qd3 Rab8 15. Rab1 Bc8 16. Rxb5 Qd6 17. Qe3 Qd7 18. d5 Rxb5 19. dxc6 Qxc6 20. axb5 Qxc3 21. Qxc3 Bxc3 22. Rc1 Bb4 23. Rc7 f6 24. Be3 Bf5 25. Bxa7 Bd6 26. Rc1 Bb8 27. Bxb8 Rxb8 28. Nd4 Bd7 29. Rc7 Rd8 30. Nc6 Bxc6 31. bxc6 Kf7 32. Rd7 Rc8 33. Bb5 Ke6 34. c7 f5 35. f4 h6 36. h4 h5 37. Kh2 {[%emt 0:00:07] Kd5} 1-0

[Event "EYCC Girls-U12 2019"]
[Site "Bratislava"]
[Date "2019.08.03"]
[Round "2.7"]
[White "Gadasi, Noam"]
[Black "Bochnickova, Simona"]
[Result "1-0"]
[ECO "C65"]
[WhiteElo "1585"]
[BlackElo "1684"]
[Annotator "NA"]
[PlyCount "59"]
[EventDate "2019.08.02"]
[EventType "swiss"]
[EventCountry "SVK"]
[SourceTitle "playchess.com"]
[Source "ChessBase"]
[SourceQuality "1"]
[TimeControl "40/5400+30:1800+30"]

1. e4 e5 2. Nf3 Nc6 3. Bb5 Nf6 4. d3 d6 5. c3 Be7 6. O-O O-O 7. Re1 Bg4 8. h3 Bh5 9. Nbd2 a6 10. Ba4 b5 11. Bb3 d5 12. exd5 Nxd5 13. Nf1 Nf4 14. Bxf4 exf4 15. Qe2 Re8 16. Qe4 Qd6 17. Qd5 Rad8 18. Qxh5 g6 19. Qh6 Qf6 20. h4 Qf5 21. Ng5 Bxg5 22. Rxe8+ Rxe8 23. Qxg5 Qxg5 24. hxg5 Re2 25. Rb1 Ne5 26. Bd1 Re1 27. Bc2 Re2 28. Rc1 Ng4 29. b4 Rxf2 30. Bd1 1-0

[Event "EYCC Girls-U12 2019"]
[Site "Bratislava"]
[Date "2019.08.03"]
[Round "2.8"]
[White "Karaivanova, Petya"]
[Black "Haile, Batel Goitom"]
[Result "1-0"]
[ECO "B35"]
[WhiteElo "1792"]
[BlackElo "1522"]
[Annotator "NA"]
[PlyCount "46"]
[EventDate "2019.08.02"]
[EventType "swiss"]
[EventCountry "SVK"]
[SourceTitle "playchess.com"]
[Source "ChessBase"]
[SourceQuality "1"]
[TimeControl "40/5400+30:1800+30"]

1. e4 c5 2. Nf3 g6 3. d4 cxd4 4. Nxd4 Bg7 5. Be3 Nc6 6. Nc3 Nf6 7. Bc4 O-O 8. Bb3 a5 9. f3 d5 10. exd5 Nb4 11. Nde2 a4 12. Bc4 Bf5 13. Nd4 Nfxd5 14. Nxf5 Nxc3 15. Qxd8 Rfxd8 16. Nxe7+ Kf8 17. Nxg6+ hxg6 18. Bc5+ Kg8 19. Bxb4 Nd5 20. Bxd5 Rxd5 21. O-O Bxb2 22. Rae1 Rad8 23. a3 Rc8 {time} 1-0

[Event "EYCC Girls-U12 2019"]
[Site "Bratislava"]
[Date "2019.08.03"]
[Round "2.9"]
[White "Verheij, Dana"]
[Black "Markus, Molli Amina"]
[Result "1/2-1/2"]
[ECO "C10"]
[WhiteElo "1497"]
[BlackElo "1743"]
[Annotator "NA"]
[PlyCount "98"]
[EventDate "2019.08.02"]
[EventType "swiss"]
[EventCountry "SVK"]
[SourceTitle "playchess.com"]
[Source "ChessBase"]
[SourceQuality "1"]
[TimeControl "40/5400+30:1800+30"]

1. e4 e6 2. d4 d5 3. Nd2 dxe4 4. Nxe4 Bd7 5. Nf3 Bc6 6. Bd3 Nf6 7. Qe2 Nxe4 8. Bxe4 Bxe4 9. Qxe4 c6 10. O-O Be7 11. Qg4 Bf6 12. Bf4 O-O 13. Rfe1 Nd7 14. Rad1 Kh8 15. Rd3 g6 16. Ne5 Bg7 17. Rh3 Nxe5 18. dxe5 h5 19. Ree3 Qd2 20. Rxh5+ gxh5 21. Qxh5+ Kg8 22. h4 Rad8 23. Qg5 Qxc2 24. h5 Qf5 25. Qh4 Rd4 26. Rf3 Bxe5 27. Qg3+ Bg7 28. Bg5 Qe5 29. h6 Rd1+ 30. Kh2 Qxg3+ 31. Rxg3 Be5 32. Bf4+ Kh7 33. Bxe5 Rg8 34. Bg7 Rd5 35. Rf3 Rxg7 36. hxg7 Kxg7 37. Kg3 Rg5+ 38. Kh3 Rb5 39. b3 a5 40. Kg4 Rb4+ 41. Kg5 a4 42. Rd3 axb3 43. axb3 Rb5+ 44. Kg4 Rd5 45. Rc3 Kf6 46. f4 Rd4 47. g3 e5 48. Kf3 exf4 49. gxf4 Rb4 1/2-1/2

[Event "EYCC Girls-U12 2019"]
[Site "Bratislava"]
[Date "2019.08.03"]
[Round "2.10"]
[White "Schippke, Manon"]
[Black "Dubovik, Maria"]
[Result "1-0"]
[ECO "B50"]
[WhiteElo "1743"]
[BlackElo "1510"]
[Annotator "NA"]
[PlyCount "119"]
[EventDate "2019.08.02"]
[EventType "swiss"]
[EventCountry "SVK"]
[SourceTitle "playchess.com"]
[Source "ChessBase"]
[SourceQuality "1"]
[TimeControl "40/5400+30:1800+30"]

1. e4 c5 2. Nf3 d6 3. g3 Nc6 4. Bg2 g6 5. O-O Bg7 6. d3 e5 7. Nc3 Nge7 8. Nd2 O-O 9. Nc4 a6 10. a4 Be6 11. Ne3 Nd4 12. Ned5 Nxd5 13. Nxd5 f5 14. exf5 gxf5 15. c3 Nc6 16. Qh5 Bxd5 17. Bxd5+ Kh8 18. Bg5 Qe8 19. Qh4 Qg6 20. Rae1 Rae8 21. Bf3 Bf6 22. Bxf6+ Qxf6 23. Qxf6+ Rxf6 24. Bxc6 bxc6 25. d4 cxd4 26. cxd4 e4 27. Rc1 d5 28. Rc5 Rb8 29. Rfc1 Rxb2 30. Rxc6 Rb6 31. Rxf6 Rxf6 32. Rc8+ Kg7 33. Rd8 Kg6 34. Rxd5 Rc6 35. Ra5 Rd6 36. Kf1 Kg5 37. d5 Kf6 38. Ke2 Ke5 39. Ke3 Rxd5 40. Rxd5+ Kxd5 41. Kf4 Ke6 42. g4 fxg4 43. Kxe4 h5 44. Kf4 Kf6 45. f3 gxf3 46. Kxf3 Kf5 47. a5 h4 48. h3 Ke5 49. Kg4 Ke4 50. Kxh4 Kf4 51. Kh5 Kf5 52. h4 Kf6 53. Kg4 Kg6 54. h5+ Kh6 55. Kh4 Kg7 56. Kg5 Kh7 57. Kf6 Kh6 58. Ke6 Kxh5 59. Kd6 Kg6 60. Kc6 1-0

[Event "EYCC Girls-U12 2019"]
[Site "Bratislava"]
[Date "2019.08.04"]
[Round "3.1"]
[White "Siekanska, Maria"]
[Black "Shvedova, Alexandra"]
[Result "0-1"]
[ECO "D35"]
[WhiteElo "1561"]
[BlackElo "1932"]
[Annotator "NA"]
[PlyCount "54"]
[EventDate "2019.08.02"]
[EventType "swiss"]
[EventCountry "SVK"]
[SourceTitle "playchess.com"]
[Source "ChessBase"]
[SourceQuality "1"]
[TimeControl "40/5400+30:1800+30"]

1. d4 d5 2. c4 e6 3. Nc3 Nf6 4. cxd5 exd5 5. Bg5 c6 6. e3 Be7 7. Bd3 Bg4 8. f3 Bh5 9. Nge2 Bg6 10. Bxg6 hxg6 11. Qc2 Na6 12. a3 Nc7 13. O-O-O b5 14. e4 O-O 15. h4 dxe4 16. fxe4 Ng4 17. Bxe7 Qxe7 18. Rde1 a5 19. e5 b4 20. axb4 axb4 21. Nb1 Nd5 22. h5 c5 23. hxg6 Qg5+ 24. Qd2 Nge3 25. gxf7+ Rxf7 26. b3 Rc7 27. Kb2 Rca7 0-1

[Event "EYCC Girls-U12 2019"]
[Site "Bratislava"]
[Date "2019.08.04"]
[Round "3.2"]
[White "Gasimova, Samra"]
[Black "Karmanova, Olga Dm."]
[Result "0-1"]
[ECO "E61"]
[WhiteElo "1695"]
[BlackElo "1838"]
[Annotator "NA"]
[PlyCount "100"]
[EventDate "2019.08.02"]
[EventType "swiss"]
[EventCountry "SVK"]
[SourceTitle "playchess.com"]
[Source "ChessBase"]
[SourceQuality "1"]
[TimeControl "40/5400+30:1800+30"]

1. d4 Nf6 2. c4 d6 3. Nf3 g6 4. Nc3 Bg7 5. Bg5 h6 6. Bh4 g5 7. Bg3 Nh5 8. e3 Nd7 9. Be2 Nxg3 10. hxg3 c5 11. Qd3 Qa5 12. Nd2 a6 13. Nb3 Qc7 14. Nd5 Qd8 15. Rd1 cxd4 16. exd4 O-O 17. Ne3 Nb8 18. f4 f5 19. fxg5 hxg5 20. g4 e6 21. gxf5 exf5 22. g4 f4 23. Nd5 Nc6 24. Qh7+ Kf7 25. Bd3 Rg8 26. Bf5 Ne7 27. Kd2 Bxf5 28. gxf5 Nxd5 29. cxd5 Qf6 30. Qh5+ Kf8 31. Qg4 a5 32. Rde1 Re8 33. Rxe8+ Kxe8 34. Re1+ Kf8 35. Re6 Qd8 36. Kd3 Rh8 37. Nd2 Rh4 38. Qg2 g4 39. Nc4 f3 40. Qg3 f2 41. Qxf2 g3 42. Qe3 Rxd4+ 43. Qxd4 Bxd4 44. Kxd4 g2 45. Rg6 Qh4+ 46. Kd3 Qh2 47. Rf6+ Ke7 48. Re6+ Kd7 49. f6 g1=Q 50. Re7+ Kd8 0-1

[Event "EYCC Girls-U12 2019"]
[Site "Bratislava"]
[Date "2019.08.04"]
[Round "3.3"]
[White "Zhapova, Yana"]
[Black "Orian, Noga"]
[Result "1-0"]
[ECO "B33"]
[WhiteElo "1809"]
[BlackElo "1628"]
[Annotator "NA"]
[PlyCount "83"]
[EventDate "2019.08.02"]
[EventType "swiss"]
[EventCountry "SVK"]
[SourceTitle "playchess.com"]
[Source "ChessBase"]
[SourceQuality "1"]
[TimeControl "40/5400+30:1800+30"]

1. e4 c5 2. Nf3 e6 3. d4 cxd4 4. Nxd4 Nc6 5. Nc3 Nf6 6. Ndb5 d6 7. Bf4 e5 8. Bg5 a6 9. Na3 b5 10. Nd5 Be7 11. Bxf6 Bxf6 12. c4 b4 13. Nc2 a5 14. g3 O-O 15. Bg2 Be6 16. O-O Ne7 17. Nxf6+ gxf6 18. b3 Qd7 19. f4 Qa7+ 20. Kh1 Qc5 21. Qd2 Kh8 22. f5 Bd7 23. Rad1 d5 24. exd5 Nxf5 25. g4 Ng7 26. Rxf6 Ne8 27. Rf2 Bxg4 28. Rdf1 f6 29. Qh6 Ra7 30. Ne3 Bc8 31. Be4 Raf7 32. Bg6 Rg7 33. Bxe8 Rxe8 34. Rxf6 Reg8 35. Rf7 Bb7 36. Ng2 Qc8 37. Qf6 Qh3 38. Rg1 e4 39. Qxg7+ Rxg7 40. Rf8+ Rg8 41. Rxg8+ Kxg8 42. Nf4+ 1-0

[Event "EYCC Girls-U12 2019"]
[Site "Bratislava"]
[Date "2019.08.04"]
[Round "3.4"]
[White "Sala, Giulia"]
[Black "Vlasova, Olesia"]
[Result "0-1"]
[ECO "B36"]
[WhiteElo "1623"]
[BlackElo "1799"]
[Annotator "NA"]
[PlyCount "104"]
[EventDate "2019.08.02"]
[EventType "swiss"]
[EventCountry "SVK"]
[SourceTitle "playchess.com"]
[Source "ChessBase"]
[SourceQuality "1"]
[TimeControl "40/5400+30:1800+30"]

1. e4 c5 2. Nf3 Nc6 3. d4 cxd4 4. Nxd4 g6 5. c4 Nf6 6. Nc3 d6 7. Be2 Nxd4 8. Qxd4 Bg7 9. O-O O-O 10. Qd1 Bd7 11. Be3 Bc6 12. f3 Nd7 13. Qd2 a6 14. Bh6 Bxh6 15. Qxh6 Qb6+ 16. Kh1 Qxb2 17. Qe3 Qb6 18. Qd2 Rfc8 19. Rab1 Qd8 20. Rfd1 Qf8 21. Bd3 Qg7 22. Nd5 Bxd5 23. exd5 Nc5 24. Re1 Qd4 25. Rbd1 Qxd3 26. Qxd3 Nxd3 27. Rxd3 Rxc4 28. Kg1 Kf8 29. Rb1 b5 30. Kf1 Rac8 31. Ra3 Rc1+ 32. Rxc1 Rxc1+ 33. Kf2 Rd1 34. Rxa6 Rxd5 35. Ke2 Kg7 36. Ra5 Kf6 37. f4 Rc5 38. Kd3 Ke6 39. Kd4 Rc4+ 40. Ke3 Rc2 41. Kf3 Rb2 42. h3 b4 43. g3 b3 44. axb3 Rxb3+ 45. Kg4 Kf6 46. Rd5 Rc3 47. Rd4 Rc6 48. Rd5 e6 49. Rd3 h6 50. Rd4 e5 51. Rd5 Ke6 52. Rd3 f5+ 0-1

[Event "EYCC Girls-U12 2019"]
[Site "Bratislava"]
[Date "2019.08.04"]
[Round "3.5"]
[White "Kalenichenko, Alina"]
[Black "Karaivanova, Petya"]
[Result "1/2-1/2"]
[ECO "D10"]
[WhiteElo "1549"]
[BlackElo "1792"]
[Annotator "NA"]
[PlyCount "119"]
[EventDate "2019.08.02"]
[EventType "swiss"]
[EventCountry "SVK"]
[SourceTitle "playchess.com"]
[Source "ChessBase"]
[SourceQuality "1"]
[TimeControl "40/5400+30:1800+30"]

1. d4 d5 2. c4 c6 3. cxd5 cxd5 4. Nc3 Nf6 5. Bf4 Nc6 6. e3 a6 7. Bd3 e6 8. Rc1 Be7 9. Nf3 O-O 10. O-O Bd7 11. Ne5 Rc8 12. Na4 Nb4 13. Rxc8 Qxc8 14. Nb6 Qd8 15. Nbxd7 Nxd7 16. Nxd7 Qxd7 17. Bb1 Rc8 18. a3 Nc6 19. b4 Na7 20. Qg4 f5 21. Qh5 Nb5 22. g4 g6 23. Qh6 Nxa3 24. gxf5 exf5 25. h4 Nxb1 26. Rxb1 Rc6 27. Be5 Bf8 28. Qg5 Bg7 29. Bxg7 Kxg7 30. Qf4 Qe7 31. b5 Rb6 32. Rc1 Rd6 33. b6 Rd7 34. Rc7 Kf7 35. h5 gxh5 36. Qxf5+ Ke8 37. Rc8+ Rd8 38. Qxh5+ Kf8 39. Qf5+ Ke8 40. Rc7 Rd7 41. Rxd7 Qxd7 42. Qe5+ Kf7 43. Qc7 Ke8 44. Qb8+ Kf7 45. Qf4+ Kg8 46. Qb8+ Kf7 47. Qc7 Ke8 48. Qe5+ Kf7 49. Qh5+ Kg8 50. Kh1 Kg7 51. Qg5+ Kf7 52. Qh5+ Kg8 53. f4 Qe6 54. Qg5+ Kf7 55. Qh5+ Kg8 56. Qg5+ Kf7 57. Qh5+ Kg7 58. Qg5+ Kf7 59. Qh5+ Kg7 60. Qg5+ 1/2-1/2

[Event "EYCC Girls-U12 2019"]
[Site "Bratislava"]
[Date "2019.08.04"]
[Round "3.6"]
[White "Buyuk, Ecrin Efsa"]
[Black "Schippke, Manon"]
[Result "1-0"]
[ECO "B52"]
[WhiteElo "1592"]
[BlackElo "1743"]
[Annotator "NA"]
[PlyCount "120"]
[EventDate "2019.08.02"]
[EventType "swiss"]
[EventCountry "SVK"]
[SourceTitle "playchess.com"]
[Source "ChessBase"]
[SourceQuality "1"]
[TimeControl "40/5400+30:1800+30"]

1. e4 c5 2. Nf3 d6 3. Bb5+ Bd7 4. Bxd7+ Nxd7 5. O-O Ngf6 6. Qe2 e5 7. c4 g6 8. d3 Bg7 9. Nc3 O-O 10. Ne1 Nh5 11. Qf3 Nb8 12. Nc2 Nc6 13. Be3 Nd4 14. Bxd4 cxd4 15. Nd5 Qg5 16. Qe2 Nf4 17. Nxf4 exf4 18. Nb4 Be5 19. Nd5 Qh6 20. f3 Kh8 21. Qd2 f5 22. Rae1 fxe4 23. Rxe4 Rf5 24. g3 g5 25. g4 Rf7 26. Rfe1 Qg6 27. R1e2 Rg8 28. h3 Qe6 29. Rh2 Qh6 30. Qf2 Qh4 31. Qxh4 gxh4 32. Rg2 h6 33. Nb4 Rb8 34. Nc2 b5 35. Nxd4 bxc4 36. dxc4 Rb6 37. b3 Bxd4+ 38. Rxd4 Rf6 39. Rd5 Kg7 40. Kf1 Ra6 41. Rgd2 Rg6 42. Rh5 Rg5 43. Rxg5+ hxg5 44. Ke2 Kf6 45. Kd3 Ra5 46. Ke2 Ke5 47. a4 Rc5 48. Kd3 d5 49. Kc3 dxc4 50. bxc4 a5 51. Rd8 Kf6 52. Rd5 Rxd5 53. cxd5 Ke5 54. Kc4 Kd6 55. Kd4 Kd7 56. Kc5 Kc7 57. d6+ Kd7 58. Kd5 Kd8 59. Ke6 Ke8 60. Kf5 Kd7 1-0